 Dungeon Crawl Stone Soup version 0.28-a0-811-g00180f5fcc (webtiles) character file.

Game seed: 10102808186154955814

24 MacCMillion the Digger (level 2, 27/27 HPs)
             Began as a Troll Earth Elementalist on Nov 8, 2021.
             Was a Follower of Okawaru.
             Quit the game on level 1 of the Dungeon.
             The game lasted 00:01:37 (793 turns).

MacCMillion the Digger (Troll Earth Elementalist)    Turns: 793, Time: 00:01:37

Health: 27/27      AC:  4    Str: 15    XL:     2   Next: 79%
Magic:  2/2        EV:  9    Int: 11    God:    Okawaru [*.....]
Gold:   8          SH:  0    Dex: 10    Spells: 2/3 levels left

rFire   . . .      SeeInvis .     - Unarmed
rCold   . . .      Faith    .   (no shield)
rNeg    . . .      Spirit   .   b - +0 robe
rPois   .          Reflect  .   (helmet restricted)
rElec   .          Harm     .   (no cloak)
rCorr   .          Rampage  .   (gloves unavailable)
Will    .....                   (boots unavailable)
Stlth   +.........              (no amulet)
HPRegen 1.09/turn               (no ring)
MPRegen 0.08/turn               (no ring)

@: no status effects
A: large, unfitting armour, claws 3, regeneration 1, shaggy fur 1, tough skin 1
a: Renounce Religion, Heroism


You were on level 1 of the Dungeon.
You worshipped Okawaru.
Okawaru was aware of your devotion.
You visited 1 branch of the dungeon, and saw 1 of its levels.

You collected 8 gold pieces.

Inventory:

Missiles
 c - 31 stones
 f - 2 javelins
 h - 10 poisoned darts
Armour
 b - a +0 robe (worn)
Jewellery
 g - an amulet of guardian spirit
 i - a ring of magical power
Scrolls
 a - 2 scrolls of immolation {unknown}
 d - 2 scrolls of identify {unknown}
Potions
 e - 2 potions of flight {unknown}


   Skills:
 + Level 1.0 Fighting
 - Level 1.5 Dodging
 - Level 1.0 Stealth
 * Level 2.0 Unarmed Combat
 - Level 1.2 Spellcasting
 - Level 0.6 Transmutations
 - Level 2.6 Earth Magic


You had 2 spell levels left.
You knew the following spells:

 Your Spells              Type           Power      Damage    Failure   Level
a - Sandblast             Erth           12%        2d6       11%         1

Your spell library contained the following spells:

 Spells                   Type           Power      Damage    Failure   Level
 Passwall                 Tmut/Erth      3%         N/A       24%         2
 Stone Arrow              Conj/Erth      6%         3d7       50%         3
 Petrify                  Tmut/Erth      4%         N/A       85%         4


Dungeon Overview and Level Annotations

Branches:
Dungeon (1/15)

Altars:
Okawaru


Innate Abilities, Weirdness & Mutations

You are too large for most types of armour.
You have claws for hands.
Your natural rate of healing is unusually fast.
You are covered in fur. (AC +1)
You have tough skin. (AC +1)


Message History

Okawaru welcomes you!
You can now gain great but temporary skills.
You claw the goblin!
You kill the goblin!
Okawaru accepts your kill.
Your Unarmed Combat skill increases to level 2!
No target in view!
No target in view!
You see here a +0 club.
There is an open door here.
There is an open door here.
You open the door. You open the door.
There is an open door here.
You now have 8 gold pieces (gained 5).
There is a stone staircase leading down here.
There is an open door here.
There is an open door here.
A rat comes into view.
Found 28 sling bullets and a gilded ring.
A hobgoblin comes into view.
The hobgoblin shouts!
The rat bites you but does no damage.
You scratch the rat.
You kill the rat!
Okawaru accepts your kill.
You closely miss the hobgoblin. The hobgoblin misses you.
You closely miss the hobgoblin. The hobgoblin hits you.
You claw the hobgoblin!
You kill the hobgoblin!
Okawaru accepts your kill.
Your Fighting skill increases to level 1!
No target in view!
No target in view!
No target in view!
Things that are here:
a hobgoblin corpse; a rat corpse You see here 28 sling bullets.
i - a ring of magical power Are you sure you want to abandon this character and quit the game? (Confirm with "yes".)

##...## #.#.#.#
##'## #.....# #.#
###.### # ##.######
.# #######.......#
......#...###.#
...##......##.# #
...........##.####.#
...##.#...#...†(@..#
#####.#.##.##.######
#####.#.#####.#
......#.. ..#
######### ####


There were no monsters in sight!

Vanquished Creatures
  A dart slug (D:1)
  4 endoplasms (D:1)
  3 giant cockroaches (D:1)
  A goblin (D:1)
  5 hobgoblins (D:1)
  A kobold (D:1)
  A ball python (D:1)
  2 rats (D:1)
18 creatures vanquished.

Notes
Turn   | Place    | Note
-------+----------+-------------------------------------------
     0 | D:1      | MacCMillion the Troll Earth Elementalist began the quest
                  | for the Orb.
     0 | D:1      | Reached XP level 1. HP: 16/16 MP: 1/1
   134 | D:1      | Reached skill level 1 in Unarmed Combat
   247 | D:1      | Reached XP level 2. HP: 26/26 MP: 2/2
   628 | D:1      | Found a faded altar of an unknown god.
   658 | D:1      | Prayed at the altar of an unknown god.
   658 | D:1      | Became a worshipper of Warmaster Okawaru
   658 | D:1      | Reached * piety under Okawaru
   786 | D:1      | Reached skill level 1 in Fighting
   793 | D:1      | Quit the game

Illustrated notes

Levels and vault maps discovered:
D:1:      amcnicky_arrival_single_pillar, layout_loops_corners,
          dreamdust_ecumenical_altar_angels_and_demons

Skill      XL: |  1  2 |
---------------+-------+-----
Unarmed Combat | 1 2 |  2.0
Fighting       | 1 |  1.0
Dodging        | |  1.5
Stealth        | |  1.0
Spellcasting   | |  1.2
Transmutations | |  0.6
Earth Magic    | |  2.6

Action                   || total
-------------------------++-------
Melee: Unarmed           ||    48
 Stab: Sleeping          ||     1
Armor: Robe              ||     8
Dodge: Dodged            ||    19

Table legend: (Time is in decaauts)
 A = Elapsed time spent in this place.
 B = Non-inter-level travel time spent in this place.
 C = Inter-level travel time spent in this place.
 D = Time resting spent in this place.
 E = Time spent auto-exploring this place.
 F = Levels seen in this place.
 G = Mean time per level.
                   A        B        C        D        E       F      G
               +--------+--------+--------+--------+--------+-----+--------+
         Total |    791 |    791 |      0 |      0 |    656 |   1 |  791.0 |
       Dungeon |    791 |    791 |      0 |      0 |    656 |   1 |  791.0 |
               +--------+--------+--------+--------+--------+-----+--------+

Top non-repeatable levels by time:
     D:1: 791 daAuts
